 Dungeon Crawl Stone Soup version 0.19.1-1-g22dce08 (webtiles) character file.

429 galech the Ruffian (level 6, 0/61 HPs)
             Began as a Troll Fighter on Jan 17, 2017.
             Was a Follower of Okawaru.
             Slain by a hornet zombie (10 damage)
             ... on level 5 of the Dungeon.
             The game lasted 00:07:30 (3964 turns).

galech the Ruffian (Troll Fighter)                  Turns: 3964, Time: 00:07:31

Health: 0/61       AC:  5    Str: 26    XL:     6   Next: 66%
Magic:  5/5        EV:  9    Int:  6    God:    Okawaru [*.....]
Gold:   229        SH:  9    Dex: 10    Spells: 0 memorised, 5 levels left

rFire  . . .     SeeInvis .       - Unarmed
rCold  . . .     Gourm    +     a - +0 robe
rNeg   . . .     Faith    .     b - +0 shield
rPois  .         Spirit   .     (helmet restricted)
rElec  .         Reflect  .     (no cloak)
rCorr  .         Harm     .     (gloves unavailable)
MR     .....     Rnd*Rage +     (boots unavailable)
Stlth  +.........               (no amulet)
                                (no ring)
                                (no ring)

@: no status effects
A: unfitting armour, claws 3, berserk 1, blink, clever 1, fast metabolism 3,
gourmand, regeneration 1, shaggy fur 1, tough skin 2
a: Blink, Heroism, Renounce Religion


You were on level 5 of the Dungeon.
You worshipped Okawaru.
Okawaru was aware of your devotion.
You were very full.

You visited 1 branch of the dungeon, and saw 5 of its levels.

You collected 229 gold pieces.

Inventory:

Armour
 a - a +0 robe (worn)
 b - a +0 shield (worn)
Wands
 y - a wand of acid (8/15)
Scrolls
 e - a scroll of magic mapping {unknown}
 f - a scroll of recharging {unknown}
 g - 7 scrolls of remove curse {unknown}
 l - 6 scrolls of identify {unknown}
 n - 2 scrolls of fog {unknown}
 q - a scroll of random uselessness {unknown}
 s - 3 scrolls of amnesia {unknown}
 t - a scroll of fear {unknown}
 u - 2 scrolls of immolation {unknown}
 v - 2 scrolls of teleportation {unknown}
 w - a scroll of enchant weapon {unknown}
Potions
 c - a potion of might
 k - 2 potions of heal wounds {unknown}
 m - 3 potions of degeneration {unknown}
 p - 2 potions of berserk rage {unknown}
 r - a potion of curing {unknown}
 x - 2 potions of agility {unknown}
 z - a potion of brilliance {unknown}
Comestibles
 d - 4 bread rations
 h - 3 royal jellies
 i - 5 meat rations
 j - a beef jerky


   Skills:
 + Level 3.1 Fighting
 + Level 3.5 Dodging
 + Level 0.5 Stealth
 + Level 3.6 Shields
 + Level 4.7 Unarmed Combat


You had 5 spell levels left.
You didn't know any spells.

Dungeon Overview and Level Annotations

Branches:
Dungeon (5/15)             Temple (0/1) D:4

Altars:
Cheibriados
Fedhas
Okawaru
Qazlal
Sif Muna


Innate Abilities, Weirdness & Mutations

You are too large for most types of armour.
You have claws for hands.
Your metabolism is lightning-fast.
You like to eat raw meat.
Your natural rate of healing is unusually fast.
You are covered in fur. (AC +1)
You have very tough skin. (AC +2)
You tend to lose your temper in combat.
You can translocate small distances at will.
Your mind is acute. (Int +2)


Message History

The hornet zombie hits you but does no damage.
The hornet zombie hits you but does no damage.
The hornet zombie hits you!
* * * LOW HITPOINT WARNING * * *
The hornet zombie hits you but does no damage.
You scratch the hornet zombie.
The hornet zombie is heavily damaged.
You block the hornet zombie's attack.
You barely miss the hornet zombie.
The hornet zombie is heavily damaged.
You block the hornet zombie's attack.
You completely miss the hornet zombie.
The hornet zombie is heavily damaged.
The hornet zombie hits you but does no damage.
You claw the hornet zombie!
The hornet zombie is severely damaged.
The hornet zombie hits you!
* * * LOW HITPOINT WARNING * * *
The hornet zombie hits you!
You die...

#.#################..............
#........### ####.#############
...#####.## #...............# .###
#.# ####.).########.# .# #.#
#......# #.# .# #.# ###....# #.#
.# #)### #....########.# .# #)#.#
#####.###.....##..## .#
#.#.###..@Z.# #......#.#.#
.#######.........#.###......#.#..
.(....................#.....#.#.#
#..#.##...#.#..#.#.รท..##....#.###
#..#.###.##>#...#.##....#####)#
#..#.# #.##.##.#.###..#.#.....#
...#.###.##...(#......#.#.######
#.<...##.....#.....##.#.#.# #.#
##############.#.####.#.#.####.#


You could see a hornet zombie.

Vanquished Creatures
  A sky beast (D:5)
  An orc priest (D:5)
  A bullfrog zombie (D:5)
  Terence (D:3)
  2 worker ants (D:5)
  A howler monkey skeleton (D:5)
  7 gnolls
  4 adders
  An ooze (D:2)
  An adder skeleton (D:5)
  2 worms
  2 dart slugs
  3 leopard geckos
  3 orcs
  2 bats
  4 giant cockroaches
  8 goblins
  4 hobgoblins (D:2)
  6 jackals
  3 quokkas
  4 ball pythons
  3 frilled lizards
  5 kobolds
  8 rats
77 creatures vanquished.

Notes
Turn   | Place    | Note
-------+----------+-------------------------------------------
     0 | D:1      | galech the Troll Fighter began the quest for the Orb.
     0 | D:1      | Reached XP level 1. HP: 22/22 MP: 0/0
    41 | D:1      | Reached XP level 2. HP: 6/29 MP: 1/1
   243 | D:1      | Found an iron altar of Okawaru.
   249 | D:1      | Became a worshipper of Warmaster Okawaru
   857 | D:2      | Reached XP level 3. HP: 36/36 MP: 2/2
  1389 | D:2      | Found a snail-covered altar of Cheibriados.
  1645 | D:3      | Noticed Terence
  1649 | D:3      | Killed Terence
  1649 | D:3      | Reached XP level 4. HP: 43/45 MP: 3/3
  1906 | D:3      | Reached skill level 3 in Unarmed Combat
  2001 | D:3      | Reached XP level 5. HP: 48/53 MP: 4/4
  2396 | D:4      | Found a blossoming altar of Fedhas.
  2571 | D:4      | Found a staircase to the Ecumenical Temple.
  2638 | D:4      | Found a stormy altar of Qazlal.
  2642 | D:4      | Noticed a water elemental
  2642 | D:4      | Noticed an air elemental
  2642 | D:4      | Noticed a fire elemental
  2777 | D:4      | Got a twisted flail
  2778 | D:4      | Identified the +8 flail of the Wary Deaths {crush, rF- Int+5} (You found it on level 4 of the Dungeon)
  3026 | D:5      | Entered Level 5 of the Dungeon
  3043 | D:5      | Found a deep blue altar of Sif Muna.
  3078 | D:5      | Reached * piety under Okawaru
  3138 | D:5      | Reached skill level 4 in Unarmed Combat
  3393 | D:5      | Reached XP level 6. HP: 58/61 MP: 5/5
  3664 | D:5      | Noticed a sky beast
  3686 | D:5      | Killed a sky beast
  3692 | D:5      | Gained mutation: Your magical capacity is low. (-10% MP) [mutagenic meat]
  3693 | D:5      | Gained mutation: You can translocate small distances at will. [mutagenic meat]
  3695 | D:5      | Gained mutation: Your mind is acute. (Int +2) [mutagenic meat]
  3696 | D:5      | Gained mutation: You tend to lose your temper in combat. [mutagenic meat]
  3697 | D:5      | Lost mutation: Your magical capacity is low. (-10% MP) [mutagenic meat]
  3964 | D:5      | Slain by a hornet zombie

Skill      XL: |  1  2  3  4  5 |
---------------+----------------+-----
Fighting       | 3 |  3.1
Dodging        | 3 |  3.5
Shields        | 3 |  3.6
Unarmed Combat | 3 4 |  4.7
Stealth        | |  0.5

Action                   |  1- 3 |  4- 6 || total
-------------------------+-------+-------++-------
Melee: Unarmed           |   110 |   186 ||   296
 Stab: Sleeping          |       |     1 ||     1
  Eat: Chunk             |    21 |    26 ||    47
Armor: Robe              |    23 |    46 ||    69
Dodge: Dodged            |    29 |    47 ||    76
Block: Shield            |    38 |    65 ||   103
